 Dungeon Crawl Stone Soup version 0.28-a0-1510-gd0f6b136d3 (webtiles) character file.

Game seed: 7083056237411614893

11 hashsling the Skirmisher (level 2, 0/24 HPs)
             Began as a Human Wanderer on Jan 15, 2022.
             Succumbed to a goblin's poison
             ... on level 1 of the Dungeon.
             The game lasted 00:03:55 (347 turns).

hashsling the Skirmisher (Human Wanderer)            Turns: 347, Time: 00:03:56

Health: 0/24       AC:  3    Str: 10    XL:     2   Next: 40%
Magic:  3/3        EV: 12    Int: 15    God:
Gold:   10         SH:  0    Dex: 11    Spells: 0/3 levels left

rFire   . . .      SeeInvis .   a - +0 dagger
rCold   . . .      Faith    .   (no shield)
rNeg    . . .      Spirit   .   c - +0 robe
rPois   .          Reflect  .   b - +0 helmet
rElec   .          Harm     .   (no cloak)
rCorr   .          Rampage  .   (no gloves)
Will    .....                   (no boots)
Stlth   +.........              (no amulet)
HPRegen 0.08/turn               (no ring)
MPRegen 0.08/turn               (no ring)

@: lethally poisoned (0 -> -9), about to teleport
A: no striking features
a: no special abilities


You were on level 1 of the Dungeon.
You visited 1 branch of the dungeon, and saw 1 of its levels.

You collected 10 gold pieces.

Inventory:

Hand Weapons
 a - a +0 dagger (weapon)
 d - a +2 dagger of venom
Armour
 b - a +0 helmet (worn)
 c - a +0 robe (worn)


   Skills:
 * Level 3.2 Fighting
 - Level 1.0 Armour
 * Level 1.4 Dodging
 - Level 1.0 Stealth
 + Level 1.1 Spellcasting
 + Level 3.1 Translocations


You couldn't memorise any spells.
You knew the following spells:

 Your Spells              Type           Power      Damage    Failure   Level
a - Apportation           Tloc           20%        N/A       7%          1
b - Blink                 Tloc           20%        N/A       10%         2

Your spell library contained the following spells:

 Spells                   Type           Power      Damage    Failure   Level
 Iskenderun's Mystic Bla  Conj/Tloc      5%         2d3       77%         4


Dungeon Overview and Level Annotations

Branches:
Dungeon (1/15)

Altars:


Message History

Aim: a goblin, wielding a +2 dagger of venom (about 45% to evade your +0 dagger)
You hit the goblin.
The goblin is heavily wounded.
The goblin hits you with a +2 dagger of venom.
You are poisoned.
You feel better.
The goblin hits you with a +2 dagger of venom.
You are poisoned.
Hit: a) +0 dagger
Press: ? - help, Dir - move target, f/p - goblin
Aim: a goblin, wielding a +2 dagger of venom (heavily wounded, about 45% to evade your +0 dagger)
You closely miss the goblin.
The goblin is heavily wounded.
You feel very sick. The goblin hits you but does no damage.
You are lethally poisoned!
Hit: a) +0 dagger
Press: ? - help, Dir - move target, f/p - goblin
Aim: a goblin, wielding a +2 dagger of venom (heavily wounded, about 45% to evade your +0 dagger)
You barely miss the goblin.
The goblin is heavily wounded.
You feel very sick. The goblin hits you but does no damage.
You are more poisoned.
Hit: a) +0 dagger
Press: ? - help, Dir - move target, f/p - goblin
Aim: a goblin, wielding a +2 dagger of venom (heavily wounded, about 45% to evade your +0 dagger)
You hit the goblin.
You kill the goblin!
You feel very sick.
* * * LOW HITPOINT WARNING * * *
You feel very sick.
You see here a +2 dagger of venom.
d - a +2 dagger of venom
* * * LOW HITPOINT WARNING * * *
You feel very sick.
You aren't carrying any potions.
As you read the scroll labelled ZOALU BEPP, it crumbles to dust.
You feel strangely unstable.
It was a scroll of teleportation.
You die...

##+#### #.....#
#.....# #.....#
#.....#####
#..........
#......g...
##†###.....
###########>@.+ ..l
.####
#........##.###.....
.....
#........#.........
..###
#........#..##.####
..#PP ###....###..#
# .#P⌠
#[†.........##


#PP ###..........[... ..### ###.......###.. +.. #.......# ..### There were no
monsters in sight!

Vanquished Creatures
  An endoplasm (D:1)
  A giant cockroach (D:1)
  A goblin (D:1)
  A hobgoblin (D:1)
  2 jackals (D:1)
  A quokka (D:1)
  2 frilled lizards (D:1)
  A rat (D:1)
10 creatures vanquished.

Notes
Turn   | Place    | Note
-------+----------+-------------------------------------------
     0 | D:1      | hashsling the Human Wanderer began the quest for the Orb.
     0 | D:1      | hashsling set off with the following items: a +0 dagger, a
                  | +0 helmet, a +0 robe, a potion of curing; and the following
                  | spell memorised: Apportation; and the following spells
                  | available to memorise: Blink, Iskenderun's Mystic Blast
     0 | D:1      | Reached XP level 1. HP: 18/18 MP: 2/2
    48 | D:1      | Reached XP level 2. HP: 18/24 MP: 3/3
    51 | D:1      | Learned a level 2 spell: Blink
   347 | D:1      | Succumbed to a goblin's poison

Illustrated notes

Levels and vault maps discovered:
D:1:      beargit_arrival_greenhouse, layout_basic

Action                   || total
-------------------------++-------
Melee: Dagger            ||    42
 Cast: Apportation       ||     5
       Blink             ||     1
  Use: Scroll            ||     1
       Potion            ||     1
Armor: Robe              ||    10
Dodge: Dodged            ||    20

Table legend: (Time is in decaauts)
 A = Elapsed time spent in this place.
 B = Non-inter-level travel time spent in this place.
 C = Inter-level travel time spent in this place.
 D = Time resting spent in this place.
 E = Time spent auto-exploring this place.
 F = Levels seen in this place.
 G = Mean time per level.
                   A        B        C        D        E       F      G
               +--------+--------+--------+--------+--------+-----+--------+
         Total |    347 |    347 |      0 |      0 |    250 |   1 |  347.0 |
       Dungeon |    347 |    347 |      0 |      0 |    250 |   1 |  347.0 |
               +--------+--------+--------+--------+--------+-----+--------+

Top non-repeatable levels by time:
     D:1: 347 daAuts
